 Dungeon Crawl Stone Soup version 0.31.0-12-g77e489cdc1 (webtiles) character file.

Game seed: 1494831602633709629

4089 Baz the Mimic (level 10, -7/64 (68) HPs)
             Began as an Octopode Shapeshifter on Feb 27, 2024.
             Was a High Priest of Cheibriados.
             Mangled by a wight
             ... wielding a +0 long sword
              (13 damage)
             ... on level 9 of the Dungeon.
             The game lasted 00:13:58 (8699 turns).

Baz the Mimic (Octopode Shapeshifter)               Turns: 8699, Time: 00:13:59

HP:   -7/64 (68)    AC:  1    Str: 28    XL:     10   Next: 26%
MP:   12/12         EV: 21    Int: 25    God:    Cheibriados [*****.]
Gold: 465           SH:  0    Dex: 25    Spells: 6/9 levels left

rFire   + .          .
                       - Unarmed
rCold   . . .        A - melded +0 buckler
rNeg    . . .        (helmet restricted)
rPois   .            (no amulet)
rElec   .            d - ring of see invisible
rCorr   +            i - ring of protection from fire
SInv    +            z - ring of resist corrosion
Will    .....        (no ring)
Stlth   ++           (no ring)
HPRegen 0.30/turn    (no ring)
MPRegen 0.13/turn    (no ring)
                     (no ring)

%: no passive effects
@: flux-form, glowing, drained, very slow
A: glow, contaminating, almost no armour, amphibious, 8 rings, camouflage 1,
gelatinous body 1, (nimble swimmer 1), tentacles
a: Begin Untransformation, Renounce Religion, Bend Time, Temporal Distortion,
Slouch, Step From Time


You were on level 9 of the Dungeon.
You worshipped Cheibriados.
Cheibriados was extremely pleased with you.
You were something dangerously unstable.
You visited 1 branch of the dungeon, and saw 9 of its levels.

You collected 465 gold pieces.

Inventory:

Armour
 A - a +0 buckler (melded)
 E - a +0 kite shield
Jewellery
 d - a ring of see invisible (left tentacle)
 i - a ring of protection from fire (right tentacle)
 x - a ring of fire
 z - a ring of resist corrosion (on tentacle)
Talismans
 b - a beast talisman
 c - a flux talisman (active)
 g - a blade talisman
 H - a serpent talisman
Wands
 f - a wand of acid (9)
 q - a wand of flame (22)
Scrolls
 j - 2 scrolls of fear
 k - 2 scrolls of noise
 l - a scroll of fog
 n - a scroll of silence
 o - a scroll of brand weapon
 r - a scroll of vulnerability
 u - a scroll of revelation {unknown}
 w - 7 scrolls of teleportation
 y - 2 scrolls of immolation {unknown}
 B - 3 scrolls of enchant weapon {unknown}
 C - a scroll of identify
 G - a scroll of enchant armour {unknown}
Potions
 a - 3 potions of lignification
 e - a potion of enlightenment
 h - a potion of degeneration
 m - 2 potions of curing
 p - a potion of brilliance
 s - 2 potions of berserk rage {unknown}
 t - a potion of haste {unknown}
 v - a potion of resistance {unknown}
 D - a potion of ambrosia {unknown}
 F - a potion of mutation {unknown}


   Skills:
 + Level 6.0 Fighting
 * Level 5.4 Dodging
 - Level 6.0 Stealth
 - Level 3.7 Shields
 + Level 6.5 Unarmed Combat
 + Level 3.7 Invocations
 + Level 8.1 Shapeshifting


You had 6 spell levels left.
You knew the following spells:

 Your Spells              Type           Power      Damage    Failure   Level
a - Apportation           Tloc           0%         N/A       14%         1
b - Jinxbite              Hex            0%         N/A       21%         2

Your spell library contained the following spells:

 Spells                   Type           Power      Damage    Failure   Level
 Kiss of Death            Conj/Necr      0%         2d5       14%         1
 Confusing Touch          Hex            0%         N/A       38%         3
 Dispel Undead            Necr           0%         3d6       80%         4
 Alistair's Intoxication  Alch           0%         N/A       98%         5


Dungeon Overview and Level Annotations

Branches:
Dungeon (9/15)             Temple (0/1) D:5
   Lair: D:8-11         Orc: D:9-12

Altars:
Cheibriados
Gozag
Kikubaaqudgha
Wu Jian
Yredelemnul

Annotations:
D:7 Jeremiah
D:8 exclusion: two-headed ogre


Innate Abilities, Weirdness & Mutations

You are something dangerously unstable.
You glow with magical radiation, making you easy to see and hit.
Foes you strike become dangerously contaminated with magical radiation.
You are incapable of wielding weapons or throwing items.
You cannot wear most types of armour.
You are amphibious.
You can wear up to eight rings at the same time.
Your skin changes colour to match your surroundings (Stealth+).
Your rubbery body absorbs attacks. (AC +1, EV +1)
((You are camouflaged when in or above water. (Stealth+)))
You have tentacles for arms and can constrict up to eight enemies at once.


Message History

The orc priest shudders as magic cascades through it!!
You kill the orc priest!
Cheibriados appreciates the change of pace.
The wight barely misses you.
You tentacle-slap the wight.
The wight begins to glow.
You grab the wight.
The wight is moderately damaged.
You constrict the wight. The wight closely misses you.
You tentacle-slap the wight.
The wight glows dangerously bright.
The wight is severely damaged.
You constrict the wight.
The wight hits you with a +4 great sword!
You tentacle-slap the wight.
You destroy the wight!
Cheibriados appreciates the change of pace.
Your Fighting skill increases to level 6!
You barely miss the wight. You grab the wight.
You squeeze the wight, but do no damage.
You constrict the wight, but do no damage.
The wight misses you.
You tentacle-slap the wight but do no damage.
The wight begins to glow.
You constrict the wight.
An orc warrior comes into view. It is wielding a +0 mace.
The wight hits you with a +0 long sword!
* * * LOW HITPOINT WARNING * * *
You feel drained.
* * * LOW HITPOINT WARNING * * *
You tentacle-slap the wight.
The wight glows dangerously bright.
You squeeze the wight!
The wight is severely damaged.
You constrict the wight.
A wyvern comes into view.
The wight misses you.
The orc warrior hits you with a +0 mace!
* * * LOW HITPOINT WARNING * * *
Unknown command.
You feel better.
You constrict the wight, but do no damage.
The wyvern closely misses you.
The wight hits you with a +0 long sword!
You die...

#.#.## #.
##.#.## ####.
#)##Y# .#
##.#.## ##.
#.#.##.#z?
##.#.## #..
##.#.##.#? #
##.#.###.#
##.#.##.?#.##
##...##.#
##.#.##$.#.#
##.....#
##.#.##..#
####.##
##.#o#z# ...#
##.#p#.#
#.####
##.#k## # ##
##


You could see an orc warrior, a wyvern and a wight (heavy contam).

Vanquished Creatures
  A two-headed ogre (D:8)
  Joseph (D:8)
  2 wyverns
  A steam dragon (D:8)
  2 water moccasins
  2 orc warriors (D:7)
  2 ice beasts
  A black bear (D:5)
  2 centaurs
  A phantom (D:5)
  2 kobold brigands (D:8)
  A bullfrog (D:6)
  A gnoll sergeant (D:8)
  2 scorpions
  A burial acolyte (D:6)
  11 wights
  3 killer bees (D:7)
  2 hounds (D:6)
  3 bombardier beetles
  3 orc priests
  5 iguanas
  4 orc wizards
  2 hound zombies (D:6)
  3 gnolls (D:8)
  6 adders
  2 shadow imps (D:6)
  An adder zombie (D:6)
  2 ribbon worms
  3 dart slugs
  30 orcs
  2 ball pythons
  7 bats
  8 endoplasms
  2 giant cockroaches
  2 gnoll zombies (D:6)
  9 goblins
  7 hobgoblins
  4 jackals
  18 kobolds
  3 quokkas
  3 frilled lizards (D:1)
  2 kobold zombies (D:6)
  5 rats
174 creatures vanquished.

Notes
Turn   | Place    | Note
-------+----------+-------------------------------------------
     0 | D:1      | Baz the Octopode Shapeshifter began the quest for the Orb.
     0 | D:1      | Reached XP level 1. HP: 13/13 MP: 1/1
   132 | D:1      | Reached skill level 1 in Stealth
   152 | D:1      | Reached XP level 2. HP: 16/18 MP: 2/2
   427 | D:1      | Found a faded altar of an unknown god.
   433 | D:1      | Reached XP level 3. HP: 20/23 MP: 3/3
   457 | D:1      | Prayed at the altar of an unknown god.
   457 | D:1      | Became a worshipper of Cheibriados the Contemplative
   457 | D:1      | Reached * piety under Cheibriados
  1221 | D:2      | Reached ** piety under Cheibriados
  1508 | D:2      | Reached XP level 4. HP: 29/29 MP: 4/4
  2109 | D:3      | You fall into a shaft and drop 1 floor!
  2679 | D:4      | Found a basalt altar of Yredelemnul.
  2764 | D:4      | Reached XP level 5. HP: 31/34 MP: 5/5
  2815 | D:4      | Learned a level 1 spell: Apportation
  2818 | D:4      | Learned a level 2 spell: Jinxbite
  2944 | D:4      | Reached *** piety under Cheibriados
  2945 | D:4      | Reached skill level 4 in Shapeshifting
  3025 | D:4      | Reached XP level 6. HP: 25/40 MP: 6/6
  3355 | D:5      | Entered Level 5 of the Dungeon
  3453 | D:5      | HP: 2/41 [poisoned by an adder]
  3621 | D:5      | Noticed a black bear
  3627 | D:5      | Killed a black bear
  3684 | D:5      | Reached XP level 7. HP: 28/45 MP: 7/7
  3773 | D:5      | Reached skill level 5 in Stealth
  3854 | D:5      | Noticed a wyvern
  3901 | D:5      | Killed a wyvern
  3902 | D:5      | Reached skill level 5 in Shapeshifting
  4083 | D:5      | Found a staircase to the Ecumenical Temple.
  4590 | D:6      | Reached XP level 8. HP: 45/53 MP: 8/8
  4787 | D:6      | Reached **** piety under Cheibriados
  5083 | D:6      | Identified the +11 rapier of Imminent Death {freeze, rPois
                  | Int+6}
  5218 | D:6      | Found an ancient bone altar of Kikubaaqudgha.
  5276 | D:6      | Reached skill level 6 in Shapeshifting
  5446 | D:7      | Reached skill level 5 in Unarmed Combat
  5738 | D:7      | Noticed Jeremiah
  5958 | D:7      | Reached skill level 1 in Shields
  5969 | D:7      | HP: 2/76 [wight/+0 trident (7)]
  5974 | D:7      | HP: 3/72 [wight/+0 trident (3)]
  5982 | D:7      | Reached skill level 5 in Dodging
  5982 | D:7      | Reached XP level 9. HP: 30/57 MP: 9/9
  6485 | D:7      | Reached skill level 1 in Invocations
  6684 | D:7      | Found an opulent altar of Gozag.
  6778 | D:7      | Reached skill level 7 in Shapeshifting
  6780 | D:7      | Reached ***** piety under Cheibriados
  6972 | D:7      | Reached skill level 5 in Fighting
  7280 | D:8      | Noticed Joseph
  7485 | D:8      | Noticed a two-headed ogre
  7496 | D:8      | Killed a two-headed ogre
  7718 | D:8      | Killed Joseph
  7719 | D:8      | Reached skill level 8 in Shapeshifting
  7719 | D:8      | Reached XP level 10. HP: 11/68 MP: 12/12
  7923 | D:8      | Noticed a two-headed ogre
  8165 | D:8      | Found an ornate altar of the Wu Jian Council.
  8698 | D:9      | HP: 1/64 [orc warrior/+0 mace (11)]
  8699 | D:9      | Mangled by a wight

Illustrated notes

Levels and vault maps discovered:
D:1:      nicolae_arrival_memento_mori, layout_basic,
          ebering_ecumenical_altar_abandoned, minmay_tromino_v4_a
D:2:      layout_basic, minmay_ruptured
D:3:      kennysheep_big_flooded_room, layout_basic
D:4:      layout_loops_ring, lemuel_crystal_altar
D:5:      layout_rooms, minmay_temple_entry_from_below_b
D:6:      layout_cave_pods, regret_index_kikubaaqudgha_part_by_part
D:7:      layout_loops_corners, mainiacjoe_overflow_small_starburst,
          uniq_jeremiah
D:8:      layout_gridville, mainiacjoe_overflow_catwalk, uniq_joseph
D:9:      minmay_inner_zag, layout_basic

Skill      XL: |  1  2  3  4  5  6  7  8  9 10 |
---------------+-------------------------------+-----
Stealth        | 1 2 3 4 6 |  6.0
Fighting       | 2 3 4 5 6 |  6.0
Shapeshifting  | 4 5 6 8 |  8.1
Dodging        | 3 5 |  5.4
Unarmed Combat | 4 5 6 |  6.5
Shields        | 1 3 |  3.7
Invocations    | 3 |  3.7

Action                     |  1- 3 |  4- 6 |  7- 9 | 10-12 || total
---------------------------+-------+-------+-------+-------++-------
  Melee: Unarmed           |    65 |    81 |   194 |    38 ||   378
         Tentacles         |    11 |    18 |    54 |    13 ||    96
         Constrict         |    15 |    22 |    60 |    10 ||   107
         Punch             |     1 |     2 |     8 |       ||    11
  Evoke: Wand              |       |     2 |     6 |     3 ||    11
    Use: Potion            |       |       |     5 |     1 ||     6
         Scroll            |       |       |    11 |       ||    11
   Stab: Sleeping          |    11 |     7 |     6 |       ||    24
 Armour: Skin              |    23 |    34 |    97 |    19 ||   173
  Dodge: Dodged            |    24 |    60 |   172 |    40 ||   296
   Form: Beast             |     2 |       |       |       ||     2
                           |     1 |       |     1 |       ||     2
         Blade             |     1 |       |       |       ||     1
         Flux              |       |       |     2 |       ||     2
